 Dungeon Crawl Stone Soup version 0.26-a0-415-g2a9615731a (webtiles) character file.

Game seed: 14108711998519574268

176 KristoblXynda the Conjurer (level 5, -6/28 HPs)
             Began as a Deep Elf Conjurer on July 25, 2020.
             Was an Initiate of Vehumet.
             Mangled by an orc warrior
             ... wielding a +0 dire flail
              (21 damage)
             ... on level 4 of the Dungeon.
             The game lasted 00:05:53 (3382 turns).

KristoblXynda the Conjurer (Deep Elf Conjurer)      Turns: 3382, Time: 00:05:54

Health: -6/28      AC:  3    Str:  4    XL:     5   Next: 30%
Magic:  11/14      EV: 13    Int: 24    God:    Vehumet [......]
Gold:   155        SH:  0    Dex: 13    Spells: 5/13 levels left

rFire    . . .     SeeInvis .   j - +1 short sword (flame)
rCold    . . .     Faith    .   (no shield)
rNeg     . . .     Spirit   .   a - +0 robe
rPois    .         Reflect  .   (no helmet)
rElec    .         Harm     .   (no cloak)
rCorr    .                      (no gloves)
MR       .....                  c - +0 pair of boots
Stlth    ++........             (no amulet)
HPRegen  0.09/turn              (no ring)
MPRegen  0.14/turn              (no ring)

@: no status effects
A: no striking features
a: Renounce Religion


You were on level 4 of the Dungeon.
You worshipped Vehumet.
Vehumet was noncommittal.
You visited 1 branch of the dungeon, and saw 4 of its levels.

You collected 155 gold pieces.

Inventory:

Hand Weapons
 j - a +1 short sword of flaming (weapon)
Armour
 a - a +0 robe (worn)
 c - a +0 pair of boots (worn)
Jewellery
 l - an uncursed amulet of magic regeneration {unknown}
Scrolls
 d - a scroll of immolation {unknown}
 f - 2 scrolls of fear {unknown}
 h - 2 scrolls of remove curse {unknown}
 i - 2 scrolls of identify {unknown}
 m - a scroll of fog {unknown}
 p - a scroll of magic mapping {unknown}
 q - a scroll of blinking {unknown}
 r - a scroll of teleportation {unknown}
Potions
 b - a potion of mutation {unknown}
 e - 3 potions of stabbing {unknown}
 g - 2 potions of degeneration {unknown}
 k - 2 potions of curing {unknown}
 n - a potion of lignification {unknown}
 o - a potion of ambrosia {unknown}


   Skills:
 + Level 3.1 Dodging
 - Level 4.0 Stealth
 + Level 4.9 Spellcasting
 + Level 5.5 Conjurations


You had 5 spell levels left.
You knew the following spells:

 Your Spells              Type           Power        Failure   Level
a - Magic Dart            Conj           ####         1%          1
b - Dazzling Flash        Conj/Hex       ###...       9%          3
c - Iskenderun's Mystic   Conj/Tloc      ###.....     28%         4

Your spell library contained the following spells:

 Spells                   Type           Power        Failure   Level
 Searing Ray              Conj           ####..       1%          2
 Fulminant Prism          Conj/Hex       ###.......   28%         4


Dungeon Overview and Level Annotations

Branches:
Dungeon (4/15)
 Temple: D:4-7

Altars:
Makhleb
Ru
Vehumet


Message History

The orc warrior is lightly wounded.
A hound comes into view.
The orc warrior hits you with a +0 dire flail!
Ouch! That really hurt!
A phantom comes into view.
The orc sings a few bars from the Orcish anthem.
Okay, then.
Casting: Magic Dart (safe; 1% risk of failure)
Confirm with . or Enter, or press ? or * to list all spells.
The spell is quite dangerous to cast (9% risk of failure)!
Continue anyway?
The orc warrior is dazzled.
Unknown command.
You closely miss the orc warrior. The orc warrior closely misses you.
You strike the helpless orc warrior from behind!
You hit the orc warrior but do no damage.
The hound barks!
The orc barely misses you.
The orc warrior hits you with a +0 dire flail!!
Ouch! That really hurt!
You die...

### ##.## ##...##
##.....#####
#........... ##
#####.....######### .
####......@.......(..#
..........oo.#######.#
###.##.##...# #.# #
#.##h### #.######
#.#.#.## #.......
#..###.#######.######
##.## ##..............
#.## ##o.####.######
##.## ##.#.####.######


You could see an orc warrior (blind), a hound and an orc.

Vanquished Creatures
  A bullfrog skeleton (D:4)
  Robin (D:3)
  5 adders
  3 worms
  2 dart slugs (D:1)
  4 leopard geckos
  4 orcs (D:3)
  9 bats
  3 giant cockroaches
  10 goblins
  15 hobgoblins
  2 jackals (D:1)
  A quokka (D:4)
  2 frilled lizards
  3 kobolds
  6 rats
71 creatures vanquished.

Notes
Turn   | Place    | Note
-------+----------+-------------------------------------------
     0 | D:1      | KristoblXynda the Deep Elf Conjurer began the quest for the
                  | Orb.
     0 | D:1      | Reached XP level 1. HP: 10/10 MP: 6/6
   295 | D:1      | Reached XP level 2. HP: 10/15 MP: 2/8
   780 | D:1      | Reached XP level 3. HP: 19/19 MP: 8/10
  1151 | D:2      | Learned a level 3 spell: Dazzling Flash
  1555 | D:2      | Reached skill level 5 in Conjurations
  1587 | D:2      | Reached XP level 4. HP: 24/24 MP: 6/12
  2047 | D:3      | Learned a level 4 spell: Iskenderun's Mystic Blast
  2253 | D:3      | Found a radiant altar of Vehumet.
  2261 | D:3      | Became a worshipper of Vehumet
  2562 | D:3      | Noticed Robin
  2776 | D:2      | Found a sacrificial altar of Ru.
  2792 | D:3      | Killed Robin
  3044 | D:3      | Found a burning altar of Makhleb.
  3176 | D:3      | Reached XP level 5. HP: 28/28 MP: 11/14
  3361 | D:4      | Noticed an orc warrior
  3371 | D:4      | Noticed a phantom
  3382 | D:4      | Mangled by an orc warrior

Illustrated notes

Levels and vault maps discovered:
D:1:      dpeg_arrival_oval, layout_basic
D:2:      layout_basic, nicolae_overflow_hidden_temple, serial_forest,
          infiniplex_forest_lined_room_3, infiniplex_forest_clump_diagonal,
          infiniplex_forest_end_3, infiniplex_forest_lined_2,
          infiniplex_forest_diagonal, infiniplex_forest_straight_4,
          infiniplex_forest_lined_1, infiniplex_forest_fountain,
          infiniplex_forest_end_1, infiniplex_forest_clump_large
D:3:      layout_basic, bloody_makhleb, vehumet_crystals, uniq_robin
D:4:      layout_loops_ring, lemuel_doored_altar,
          eat_drink_and_be_merry_uskayaw, fedhas_altar_2

Skill      XL: |  1  2  3  4  5 |
---------------+----------------+-----
Stealth        | 3 4 |  4.0
Spellcasting   | 4 |  4.9
Conjurations   | 5 |  5.5
Dodging        | 3 |  3.1

Action                   |  1- 3 |  4- 6 || total
-------------------------+-------+-------++-------
Melee: Short sword       |       |     4 ||     4
 Cast: Magic Dart        |    70 |    80 ||   150
       Dazzling Flash    |       |     1 ||     1
 Stab: Invisible         |       |     1 ||     1
Armor: Robe              |       |     3 ||     3
Dodge: Dodged            |     5 |    18 ||    23

Table legend: (Time is in decaauts)
 A = Elapsed time spent in this place.
 B = Non-inter-level travel time spent in this place.
 C = Inter-level travel time spent in this place.
 D = Time resting spent in this place.
 E = Time spent auto-exploring this place.
 F = Levels seen in this place.
 G = Mean time per level.
                   A        B        C        D        E       F      G
               +--------+--------+--------+--------+--------+-----+--------+
         Total |   3382 |   3320 |     62 |    790 |   2157 |   4 |  845.5 |
       Dungeon |   3382 |   3320 |     62 |    790 |   2157 |   4 |  845.5 |
               +--------+--------+--------+--------+--------+-----+--------+

Top non-repeatable levels by time:
     D:2: 1125 daAuts
     D:3: 1093 daAuts
     D:1: 1021 daAuts
     D:4: 142 daAuts
